 Dungeon Crawl Stone Soup version 0.18-a0-884-gb6cfd45 (webtiles) character file.

2958 M4edhros the Covert (level 9, -3/47 HPs)
             Began as an Octopode Artificer on Dec 22, 2015.
             Was a Believer of Fedhas.
             Killed from afar by Joseph (21 damage)
             ... with a wand of draining
             ... on level 8 of the Dungeon.
             The game lasted 00:16:21 (7122 turns).

M4edhros the Covert (Octopode Artificer)            Turns: 7122, Time: 00:16:21

Health: -3/47      AC:  1    Str:  9    XL:     9   Next: 81%
Magic:  3/14       EV: 14    Int: 17    God:    Fedhas [**....]
Gold:   551        SH:  0    Dex: 12    Spells: 0 memorised, 8 levels left

rFire  . . .     SeeInvis .     x - +2 dagger (venom)
rCold  + . .     Gourm    .     (no shield)
rNeg   . . .     Faith    .     (helmet restricted)
rPois  .         Spirit   .     (no amulet)
rElec  .         Dismiss  .     r - ring of sustain attributes
rCorr  .         Reflect  .     A - ring of flight
SustAt +         Harm     .     (no ring)
MR     .....     Clarity  +     (no ring)
Stlth  +++++.....               (no ring)
                                (no ring)
                                (no ring)
                                (no ring)

@: heavily drained, not resistant to hostile enchantments, quite stealthy
A: almost no armour, amphibious, 8 rings, constrict 8, tentacle spike 2,
camouflage 1, clarity, cold resistance 1, deterioration 1, frail 1, weak 1,
gelatinous body 1, MP-powered wands
a: Evolution, Sunlight, Renounce Religion, Evoke Flight


You were on level 8 of the Dungeon.
You worshipped Fedhas.
Fedhas was pleased with you.
You were not hungry.

You visited 1 branch of the dungeon, and saw 9 of its levels.

You collected 551 gold pieces.

Inventory:

Hand Weapons
 h - a +1 whip of electrocution
 x - a +2 dagger of venom (weapon)
 y - a +0 hunting sling
 G - a +1 mace of protection
Missiles
 i - 193 stones (quivered)
 j - 48 sling bullets
 z - 14 poisoned sling bullets
Armour
 p - a cursed +0 large shield
Jewellery
 r - a ring of sustain attributes (left tentacle)
 A - a ring of flight (right tentacle)
Wands
 b - a wand of flame (8/48)
 c - a wand of enslavement (12/24)
 d - a wand of random effects (10/48)
 k - a wand of flame (38/48)
 t - a wand of slowing (10/48)
 u - a wand of paralysis (12/24)
 B - a wand of slowing (26/48)
Scrolls
 e - 7 scrolls of remove curse
 m - a scroll of recharging
 q - a scroll of enchant weapon
 s - 2 scrolls of teleportation
 w - a scroll of identify
 E - a scroll of acquirement
 F - 2 scrolls of magic mapping {unknown}
Potions
 g - a potion of heal wounds
 l - a potion of cancellation
 n - 2 potions of curing
 o - 2 potions of might
 C - 3 potions of brilliance
 D - a potion of flight
Comestibles
 a - a meat ration
 f - 6 bread rations
 v - 3 beef jerkies
 H - a slice of pizza


   Skills:
 - Level 1.0(0.0) Fighting
 - Level 1.0(0.0) Short Blades
 * Level 3.1(1.6) Slings
 + Level 7.2(5.6) Dodging
 + Level 9.7(7.9) Stealth
 * Level 4.8(3.2) Shields
 + Level 3.4(1.9) Invocations
 + Level 7.1(5.5) Evocations


You had 8 spell levels left.
You didn't know any spells.

Dungeon Overview and Level Annotations

Branches:
Dungeon (9/15)             Temple (0/1) D:5
   Lair: D:8-11         Orc: D:9-12

Altars:
Cheibriados
Fedhas
Kikubaaqudgha
Makhleb
Nemelex Xobeh
Okawaru
Vehumet
Xom
Yredelemnul
Zin

Shops:
D:8 }

Annotations:
D:8 Joseph


Innate Abilities, Weirdness & Mutations

You cannot wear most types of armour.
You are amphibious.
You can wear up to eight rings at the same time.
You can use your tentacles to constrict eight enemies at once.
Your skin changes colour to match your surroundings (Stealth).
Your rubbery body absorbs attacks (AC +1).
One of your tentacles bears a nasty spike.
You possess an exceptional clarity of mind.
Your flesh is cold resistant.
Your body sometimes deteriorates upon taking damage.
You are frail (-10% HP).
You are weak. (Str -2)
You expend magic power (3 MP) to strengthen your wands.


Message History

Really fire at your ally Joseph?
Joseph is no longer charmed.
Joseph resists with some effort.
This wand has 14 charges left.
Joseph barely misses you.
Evoke which item? (* to show all) (? for menu, Esc to quit)
Zapping:
u - a wand of paralysis (14/24)
Press: ? - help, Shift-Dir - straight line, f/p - Joseph
Aim: Joseph, wielding a quarterstaff, wearing a shiny ring mail and carrying a wand of draining {zapped: 1} (moderately wounded, chance to defeat MR: 50%) Joseph resists with some effort.
This wand has 13 charges left.
Joseph says, "You will never get the ORB, sorry."
Joseph zaps a wand.
The bolt of negative energy hits you!
You feel drained.
Your wandering mushroom releases spores at Joseph but does no damage.
Evoke which item? (* to show all) (? for menu, Esc to quit)
Zapping:
u - a wand of paralysis (13/24)
Press: ? - help, Shift-Dir - straight line, f/p - Joseph
Aim: Joseph, wielding a quarterstaff, wearing a shiny ring mail and carrying a wand of draining {zapped: 2} (moderately wounded, chance to defeat MR: 50%) Joseph resists with some effort.
This wand has 12 charges left.
Your wandering mushroom releases spores at Joseph but does no damage.
Joseph zaps a wand.
The bolt of negative energy hits you!
You feel drained.
You die...
Fedhas appreciates your contribution to the ecosystem.

.....)..#.........###.#
................#.....######
..##.....#.................##
..###..........#............#####
...###.#.......#..........#......
#..###.#....#.##...............##
#...........#.##.........#####..#
####...#......##.f.......# ##f.
..##.#......#...@@.......# ###
..##.#.........ff........#
.........................##
.....#..#..........[)#....######
.......[.##.....###..##........#
..##.....##.#..................#
..##..##f##(........###........#
..##..##)(...###...## ##...#####
..#.......#.## #..## ###.....##


You could see Joseph and 3 friendly wandering mushrooms.

Vanquished Creatures
  Pikel (D:5)
  2 hippogriffs
  Menkaure (D:7)
  2 water moccasins
  An orc warrior (D:7)
  An ogre (D:6)
  A sky beast (D:5)
  A centaur (D:6)
  A giant frog (D:6)
  A scorpion (D:6)
  A killer bee (D:6)
  A crimson imp (D:5)
  2 orc wizards (D:8)
  A jelly (D:6)
  2 giant frog skeletons (D:6)
  3 hounds
  2 iguanas (D:5)
  Natasha (twice) (D:2)
  3 worker ants
  A sheep (D:2)
  A mummy (D:7)
  3 hound skeletons
  Robin (D:2)
  6 adders
  4 oozes
  3 adder skeletons
  3 worms
  14 orcs
  A ball python (D:3)
  4 bats
  2 giant cockroaches
  8 hobgoblins
  3 jackals (D:6)
  2 quokkas (D:6)
  A ball python skeleton (D:4)
  A giant gecko skeleton (D:4)
  3 giant newts
  2 gnoll skeletons (D:2)
  11 goblins
  4 kobolds
  4 rats
111 creatures vanquished.

Vanquished Creatures (collateral kills)
  A wyvern (D:8)
  A hungry ghost (D:8)
  2 sky beasts
  An ogre (D:8)
  2 centaurs (D:8)
  2 giant frogs
  5 killer bees
  A crimson imp (D:8)
  A hound (D:6)
  7 orc wizards
  A quasit (D:8)
  3 orc priests
  2 iguanas
  A worker ant (D:6)
  An ooze (D:3)
  11 orcs
  Natasha (D:2)
  A goblin (D:2)
  2 kobolds (D:3)
  A butterfly (D:2)
47 creatures vanquished.

Vanquished Creatures (others)
  6 wandering mushrooms
  A necrophage (D:7)
  A goblin (D:2)
  130 toadstools
138 creatures vanquished.

Grand Total: 296 creatures vanquished

Notes
Turn   | Place    | Note
--------------------------------------------------------------
     0 | D:1      | M4edhros the Octopode Artificer began the quest for the Orb.
     0 | D:1      | Reached XP level 1. HP: 13/13 MP: 3/3
   267 | D:1      | Reached XP level 2. HP: 16/18 MP: 4/4
   329 | D:2      | Found a shimmering altar of Xom.
   371 | D:2      | Reached XP level 3. HP: 16/23 MP: 5/5
   480 | D:2      | Found a blossoming altar of Fedhas.
   497 | D:2      | Noticed Natasha
   506 | D:2      | Killed Natasha
   531 | D:2      | Noticed Natasha
   540 | D:2      | Killed Natasha
   540 | D:2      | Reached XP level 4. HP: 23/28 MP: 6/6
   559 | D:2      | Became a worshipper of Xom of Chaos
   589 | D:2      | Fell from the grace of Xom
   589 | D:2      | Became a worshipper of Fedhas Madash
   879 | D:1      | You fall through a shaft!
   890 | D:2      | Noticed Terence
   897 | D:2      | Noticed Terence
   897 | D:2      | Terence changed into Terence the sheep
   902 | D:2      | Killed Terence the sheep
   902 | D:2      | Reached skill level 4 in Evocations
  1061 | D:2      | Noticed Robin
  1090 | D:2      | Reached XP level 5. HP: 31/33 MP: 8/8
  1097 | D:2      | Killed Robin
  1141 | D:2      | Reached * piety under Fedhas
  1324 | D:2      | XOM: mild Ice miscast
  1341 | D:2      | Noticed Natasha
  1345 | D:2      | Killed Natasha
  1434 | D:2      | Found a basalt altar of Yredelemnul.
  1682 | D:2      | XOM: give mutations
  1682 | D:2      | Gained mutation: You are dopey. (Int -2) [Xom's mischief]
  1682 | D:2      | Gained mutation: You are frail (-10% HP). [Xom's mischief]
  1682 | D:2      | Lost mutation: You are dopey. (Int -2) [Xom's mischief]
  1682 | D:2      | Gained mutation: One of your tentacles bears a spike. [Xom's mischief]
  2406 | D:4      | XOM: polymorph wandering mushroom -> wandering mushroom
  2464 | D:4      | Found a sparkling altar of Nemelex Xobeh.
  2470 | D:4      | Reached XP level 6. HP: 26/34 MP: 9/9
  2483 | D:4      | Found a glowing silver altar of Zin.
  2781 | D:4      | Reached skill level 5 in Stealth
  2882 | D:4      | Found an ancient bone altar of Kikubaaqudgha.
  2887 | D:4      | Found an iron altar of Okawaru.
  2902 | D:4      | Gained mutation: You expend magic power (3 MP) to strengthen your wands. [potion of mutation]
  2902 | D:4      | Gained mutation: You are clumsy. (Dex -2) [potion of mutation]
  2902 | D:4      | Gained mutation: You are weak. (Str -2) [potion of mutation]
  2973 | D:5      | Entered Level 5 of the Dungeon
  3006 | D:5      | XOM: medium Divn miscast
  3036 | D:5      | Reached ** piety under Fedhas
  3099 | D:5      | Noticed Pikel
  3107 | D:5      | Killed Pikel
  3107 | D:5      | Reached skill level 5 in Dodging
  3107 | D:5      | Reached skill level 7 in Stealth
  3107 | D:5      | Reached skill level 5 in Evocations
  3107 | D:5      | Reached XP level 7. HP: 19/38 MP: 10/10
  3284 | D:5      | Found a staircase to the Ecumenical Temple.
  3508 | D:5      | Reached XP level 8. HP: 24/43 MP: 12/12
  3728 | D:6      | Gained mutation: Your flesh is cold resistant. [mutagenic meat]
  3732 | D:6      | Reached skill level 8 in Stealth
  3734 | D:6      | Gained mutation: Your body sometimes deteriorates upon taking damage. [mutagenic meat]
  3735 | D:6      | Gained mutation: One of your tentacles bears a nasty spike. [mutagenic meat]
  3747 | D:6      | Lost mutation: You are clumsy. (Dex -2) [mutagenic meat]
  3748 | D:6      | Gained mutation: You possess an exceptional clarity of mind. [mutagenic meat]
  3987 | D:6      | Reached skill level 1 in Shields
  4049 | D:6      | Found a burning altar of Makhleb.
  4257 | D:6      | Reached skill level 1 in Invocations
  4275 | D:6      | Reached skill level 1 in Slings
  4687 | D:6      | XOM: confuse monster(s)
  4720 | D:6      | Found a radiant altar of Vehumet.
  4814 | D:7      | Found a snail-covered altar of Cheibriados.
  5027 | D:7      | Reached XP level 9. HP: 47/47 MP: 13/13
  5043 | D:7      | Noticed Menkaure
  5047 | D:7      | Killed Menkaure
  5047 | D:7      | Reached skill level 9 in Stealth
  5273 | D:7      | Found a blossoming altar of Fedhas.
  5971 | D:8      | Identified a scroll of acquirement
  5971 | D:8      | XOM: medium Hex miscast
  6136 | D:8      | HP: 2/47 [poisoned by a water moccasin]
  6460 | D:8      | Found Riuhoen's Gadget Emporium.
  6510 | D:8      | XOM: mild Summ miscast
  7105 | D:9      | Noticed Joseph
  7122 | D:8      | Killed from afar by Joseph

Vault maps used:
D:1:      minmay_arrival_five_plusses
D:2:      lemuel_zombie_altar_yredelemnul, xom_butterflies,
          kennysheep_pointless_box, lemuel_tele_altar, uniq_terence,
          uniq_natasha, uniq_robin
D:4:      lemuel_doored_altar, minitemple, first_bread, columned_hall_lemuel,
          nemelex_dance_club_becter
D:5:      minmay_temple_entry_enclosed_plants, uniq_pikel
D:6:      marbit_many_paths, fiery_altar_vehumet
D:7:      fedhas_altar_3, slow_altar_1, patterned_corridor, uniq_menkaure
D:8:      serial_shops, kennysheep_mini_moat, serial_glass, glass_columns_b,
          glass_columns_b
D:9:      lemuel_insect_pit, lair_0_dummy, hangedman_tell_no_tales, st_stairs_1,
          minivault_16, uniq_joseph

Action                   |  1- 3 |  4- 6 |  7- 9 || total
-------------------------+-------+-------+-------++-------
Melee: Short sword       |    28 |    51 |       ||    79
       Unarmed           |     9 |       |       ||     9
       Whip              |       |    81 |    65 ||   146
       Dagger            |       |       |    35 ||    35
       Mace              |       |       |    21 ||    21
 Fire: Hunting sling     |       |       |   130 ||   130
Invok: Evolution         |       |     3 |     6 ||     9
       Sunlight          |       |       |     8 ||     8
Evoke: Wand              |     1 |     8 |     9 ||    18
  Use: Potion            |       |     4 |    10 ||    14
       Scroll            |       |     7 |     4 ||    11
 Stab: Sleeping          |     2 |    12 |    12 ||    26
       Distracted        |       |     1 |       ||     1
  Eat: Chunk             |       |     1 |     5 ||     6
       Meat ration       |       |     1 |     3 ||     4
